 Dungeon Crawl Stone Soup version 0.21-a0-157-gb89e0e2 (webtiles) character file.

7408 TabOTab the Carver (level 10, 0/74 HPs)
             Began as a Demonspawn Gladiator on Aug 4, 2017.
             Was a Priest of Okawaru.
             Slain by a fire giant
             ... wielding the +7 great mace "Firestarter" {inner flame, rF++}
              (4 damage)
             ... on level 10 of the Dungeon.
             The game lasted 00:20:28 (9259 turns).

TabOTab the Carver (Demonspawn Gladiator)           Turns: 9259, Time: 00:20:29

Health: 0/74       AC: 14    Str: 18    XL:     10   Next: 92%
Magic:  13/13      EV: 13    Int:  9    God:    Okawaru [***...]
Gold:   479        SH: 18    Dex: 15    Spells: 9/9 levels left

rFire    + . .     SeeInvis .   a - +6 long sword
rCold    . . .     Gourm    .   u - +0 large shield
rNeg     . . .     Faith    .   k - +0 scale mail
rPois    +         Spirit   .   c - +1 helmet
rElec    .         Reflect  .   (no cloak)
rCorr    .         Harm     .   (no gloves)
MR       .....                  (no boots)
Stlth    +.........             w - amulet of regeneration
HPRegen  0.62/turn              i - ring of poison resistance
MPRegen  0.13/turn              (no ring)

@: heroism
A: hooves 1, slimy green scales 2, fire resistance 1, ignite blood, powered by
death 2, flame cloud immunity
a: Heroism, Renounce Religion


You were on level 10 of the Dungeon.
You worshipped Okawaru.
Okawaru was most pleased with you.
You were not hungry.

You visited 2 branches of the dungeon, and saw 11 of its levels.

You collected 479 gold pieces.

Inventory:

Hand Weapons
 a - a +6 long sword (weapon)
Missiles
 p - 38 bolts
Armour
 b - a +0 leather armour
 c - a +1 helmet (worn)
 k - a +0 scale mail (worn)
 u - a +0 large shield (worn)
Jewellery
 i - a ring of poison resistance (left hand)
 s - an uncursed ring of ice
 w - an amulet of regeneration (around neck)
Wands
 y - a wand of enslavement (6/24)
 G - a wand of iceblast (9/15)
Scrolls
 l - 3 scrolls of remove curse
 o - 2 scrolls of teleportation
 q - a scroll of blinking
 r - a scroll of fear
 x - a scroll of amnesia
 z - a scroll of recharging
 B - a scroll of magic mapping
Potions
 f - a potion of brilliance
 m - a potion of mutation
 n - 3 potions of curing
 v - 3 potions of heal wounds
 A - 2 potions of cancellation
Books
 C - a book of Debilitation

   Spells                             Type                      Level
   a - Corona                         Hexes                        1
   b - Slow                           Hexes                        2
   c - Inner Flame                    Hexes/Fire                   3
   d - Portal Projectile              Hexes/Translocation          3
   e - Cause Fear                     Hexes                        4
   f - Leda's Liquefaction            Hexes/Earth                  4
 D - a book of Minor Magic

   Spells                             Type                      Level
   a - Magic Dart                     Conjuration                  1
   b - Blink                          Translocation                2
   c - Call Imp                       Summoning                    2
   d - Slow                           Hexes                        2
   e - Conjure Flame                  Conjuration/Fire             3
   f - Mephitic Cloud                 Conjuration/Poison/Air       3
Comestibles
 g - 7 royal jellies
 h - 4 bread rations
 j - 4 meat rations
 F - 7 fruits


   Skills:
 + Level 5.1(10.1) Fighting
 * Level 11.0(16.0) Long Blades
 - Level 2.2(7.2) Throwing
 + Level 5.3(10.3) Armour
 + Level 4.8(9.8) Dodging
 * Level 6.7(11.7) Shields
 * Level 4.0 Invocations


You had 9 spell levels left.
You didn't know any spells.

Dungeon Overview and Level Annotations

Branches:
Dungeon (10/15)            Temple (1/1) D:7
   Lair: D:8-11         Orc: D:9-12

Altars:
Ashenzari
Cheibriados
Dithmenos
Elyvilon
Fedhas
Gozag
Hepliaklqana
Kikubaaqudgha
Makhleb
Nemelex Xobeh
Okawaru
Qazlal
Ru
Sif Muna
Trog
Uskayaw
Vehumet
Wu Jian
Xom
Yredelemnul
Zin
The Shining One

Annotations:
D:6 exclusions: 2 doors and 5 more exclusions
D:8 2 runed doors


Innate Abilities, Weirdness & Mutations

You have large cloven feet.
You are mostly covered in slimy green scales. (AC +3)
Your flesh is heat resistant. (rF+)
Your demonic aura causes spilled blood to erupt in flames.
You regenerate health from kills.
You are immune to clouds of flame.


Message History

You block the fire giant's attack.
You hit the fire giant but do no damage.
The fire giant is lightly wounded.
Your shield and scale mail prevent you from hitting the fire giant.
Your kick misses the fire giant.
The fire giant is lightly wounded.
The fire giant hits you but does no damage.
You hit the fire giant but do no damage.
The fire giant is lightly wounded.
You slash the fire giant!
The fire giant is lightly wounded.
The fire giant barely misses you.
You riposte.
You slash the fire giant!
The fire giant is moderately wounded.
You hit the fire giant.
You kick the fire giant, but do no damage.
The fire giant is moderately wounded.
The fire giant hits you with the +7 great mace "Firestarter" {inner flame, rF++}!!
* * * LOW HITPOINT WARNING * * *
The fire giant burns you.
You die...

#....#### #.......+
##. #....#### #...
#.#.## #... ###.###
#... #...# #..# .
#...# ...#...
##...#### ###.b...8}
#....@Cb# #b.b#
#.#.###.# #.#...b.8C
#.#.###.####.#...#...
#.#.......C..##..# S
#.#####.####.# #...
#.# #.# #... #.# #..
#... ..# #### ##. ###


You could see a fire giant and a fire bat.

Vanquished Creatures
  2 two-headed ogres (D:9)
  A cyclops (D:8)
  An ugly thing (D:8)
  2 hippogriffs
  Grinder (D:4)
  A meliai zombie (D:8)
  4 hogs (D:7)
  2 fire bats (D:10)
  A human (D:7)
  An orc warrior (D:9)
  6 ice beasts
  2 black bears
  4 ogres
  A centaur (D:5)
  A crocodile (D:9)
  2 bullfrogs (D:6)
  A gnoll sergeant (D:7)
  3 scorpions
  2 electric eels (D:6)
  3 howler monkeys
  8 wights (D:9)
  5 crimson imps
  A centaur zombie (D:5)
  3 hounds
  A quasit (D:8)
  A bullfrog skeleton (D:6)
  3 jellies
  2 centaur skeletons
  2 orc priests
  7 orc wizards
  Terence (D:2)
  3 iguanas
  4 worker ants
  2 worker ant zombies
  7 gnolls
  16 adders
  A shadow imp (D:7)
  2 oozes
  An adder skeleton (D:6)
  2 worms
  A dart slug (D:1)
  6 leopard geckos
  29 orcs
  10 giant cockroaches
  4 goblins
  10 hobgoblins
  24 jackals
  9 kobolds
  5 quokkas
  7 bats
  2 frilled lizards (D:1)
  A quokka zombie (D:5)
  4 rats
  A spectral orc (D:3)
226 creatures vanquished.

Vanquished Creatures (others)
  An unseen horror (shapeshifter) (D:8)
1 creature vanquished.

Grand Total: 227 creatures vanquished

Notes
Turn   | Place    | Note
-------+----------+-------------------------------------------
     0 | D:1      | TabOTab the Demonspawn Gladiator began the quest for the Orb.
     0 | D:1      | Reached XP level 1. HP: 16/16 MP: 1/1
    30 | D:1      | Gained mutation: Your flesh is heat resistant. (rF+) [demonic ancestry]
    30 | D:1      | Reached XP level 2. HP: 13/22 MP: 2/2
   329 | D:1      | Reached skill level 3 in Long Blades
   875 | D:1      | Gained mutation: You are immune to clouds of flame. [demonic ancestry]
   875 | D:1      | Reached XP level 3. HP: 27/28 MP: 3/3
   941 | D:2      | Found a sparkling altar of Nemelex Xobeh.
  1100 | D:2      | Noticed Terence
  1119 | D:2      | Killed Terence
  1119 | D:2      | Gained mutation: You regenerate a little health from kills. [demonic ancestry]
  1119 | D:2      | Reached XP level 4. HP: 19/34 MP: 4/4
  1479 | D:2      | Reached skill level 1 in Armour
  1686 | D:2      | Found a stormy altar of Qazlal.
  1690 | D:2      | Noticed a fire elemental
  1706 | D:2      | Noticed an air elemental
  1706 | D:2      | Noticed an earth elemental
  1706 | D:2      | Noticed a water elemental
  1810 | D:3      | Reached skill level 4 in Long Blades
  1817 | D:3      | Gained mutation: Your demonic aura causes spilled blood to erupt in flames. [demonic ancestry]
  1817 | D:3      | Reached XP level 5. HP: 31/39 MP: 5/5
  2716 | D:3      | Found a basalt altar of Yredelemnul.
  2782 | D:3      | Gained mutation: You regenerate health from kills. [demonic ancestry]
  2782 | D:3      | Reached XP level 6. HP: 46/46 MP: 6/6
  2830 | D:4      | Reached skill level 5 in Long Blades
  3263 | D:4      | Noticed Grinder
  3659 | D:4      | Paralysed by Grinder for 4 turns
  3670 | D:4      | Killed Grinder
  3670 | D:4      | Reached skill level 6 in Long Blades
  3670 | D:4      | Gained mutation: You are partially covered in slimy green scales. (AC +2) [demonic ancestry]
  3670 | D:4      | Reached XP level 7. HP: 43/52 MP: 7/7
  4067 | D:5      | Entered Level 5 of the Dungeon
  4352 | D:5      | Found a shimmering altar of Xom.
  4362 | D:5      | Identified a scroll of acquirement
  4438 | D:5      | Reached skill level 7 in Long Blades
  4491 | D:5      | Gained mutation: You are mostly covered in slimy green scales. (AC +3) [demonic ancestry]
  4491 | D:5      | Reached XP level 8. HP: 52/59 MP: 8/8
  5040 | D:6      | Reached skill level 1 in Shields
  5062 | D:6      | Found a shimmering altar of Xom.
  5062 | D:6      | Found a deep blue altar of Sif Muna.
  5256 | D:6      | Reached skill level 8 in Long Blades
  6421 | D:7      | You fall through a shaft!
  6497 | D:7      | Noticed a hippogriff
  6504 | D:7      | Killed a hippogriff
  6504 | D:7      | Gained mutation: You have large cloven feet. [demonic ancestry]
  6504 | D:7      | Reached XP level 9. HP: 55/65 MP: 9/9
  6521 | D:7      | Found a staircase to the Ecumenical Temple.
  6561 | Temple   | Entered the Ecumenical Temple
  6765 | Temple   | Became a worshipper of Warmaster Okawaru
  6982 | D:7      | Reached skill level 9 in Long Blades
  7021 | D:7      | Reached * piety under Okawaru
  7447 | D:8      | Found a large runed door.
  7447 | D:8      | Noticed a purple ugly thing
  7448 | D:8      | Found a large runed door.
  7457 | D:8      | Killed a purple ugly thing
  7457 | D:8      | Reached ** piety under Okawaru
  7457 | D:8      | Reached skill level 5 in Shields
  7462 | D:8      | Noticed a cyclops
  7466 | D:8      | Killed an unseen horror
  7466 | D:8      | Reached skill level 10 in Long Blades
  7477 | D:8      | Killed a cyclops
  7477 | D:8      | Reached skill level 1 in Invocations
  7477 | D:8      | Reached XP level 10. HP: 73/73 MP: 9/11
  8357 | D:9      | Noticed a two-headed ogre
  8368 | D:9      | Killed a two-headed ogre
  8368 | D:9      | Reached *** piety under Okawaru
  8605 | D:9      | Reached skill level 5 in Armour
  8929 | D:9      | Reached skill level 5 in Fighting
  9014 | D:9      | Noticed a two-headed ogre
  9021 | D:9      | Killed a two-headed ogre
  9021 | D:9      | Received a gift from Okawaru
  9021 | D:9      | Reached skill level 11 in Long Blades
  9198 | D:10     | Entered Level 10 of the Dungeon
  9223 | D:10     | Noticed a fire giant
  9259 | D:10     | Slain by a fire giant

Vault maps used:
D:1:      mrwooster_arrival_statue_3
D:2:      nemelex_xobeh_ov_fountains_minmay, kennysheep_doodads,
          nicolae_qazlal_style_of_elements, uniq_terence
D:3:      yredelemnul_forgotten_temple_becter
D:4:      first_bread, uniq_grinder
D:5:      serial_bayou_pond_d, xom_teletrap_fun
D:6:      gammafunk_temple_overflow_elements, serial_bayou_lake_a
D:7:      temple_pool_b, grunt_livestock
D:8:      jmf_multi_god_temple2
D:9:      uniq_psyche
D:10:     minmay_firetagon, dpeg_lair_monsters, special_room
Temple:   eino_narrow_crystal_temple

Skill      XL: |  1  2  3  4  5  6  7  8  9 10 |
---------------+-------------------------------+-----
Dodging        | 3 4 |  4.8
Long Blades    | 3 4 6 7 8 10 11 | 11.0
Armour         | 1 2 3 4 5 |  5.3
Fighting       | 3 4 5 |  5.1
Throwing       | 2 |  2.2
Shields        | 3 5 6 |  6.7
Invocations    | 1 4 |  4.0

Action                   |  1- 3 |  4- 6 |  7- 9 | 10-12 || total
-------------------------+-------+-------+-------+-------++-------
Melee: Long sword        |    88 |   187 |   250 |   160 ||   685
       Kick              |       |       |    25 |    60 ||    85
Throw: Stone             |       |     6 |    10 |       ||    16
Invok: Heroism           |       |       |     1 |     5 ||     6
Evoke: Wand              |       |       |       |     1 ||     1
  Use: Potion            |     1 |     2 |     1 |     1 ||     5
       Scroll            |       |    15 |     6 |     1 ||    22
 Stab: Sleeping          |       |     1 |       |       ||     1
  Eat: Chunk             |       |     7 |     6 |     1 ||    14
       Bread ration      |       |     1 |       |     1 ||     2
       Meat ration       |       |       |     1 |       ||     1
Armor: Leather armour    |    26 |    41 |       |       ||    67
       Scale mail        |       |    42 |   103 |    74 ||   219
Dodge: Dodged            |    86 |   130 |    49 |    47 ||   312
Block: Large shield      |       |       |   136 |   109 ||   245
       Rpst.: Long sword |    32 |    41 |    20 |    11 ||   104
